 Dungeon Crawl Stone Soup version 0.19-a0-1896-g611e798 (webtiles) character file.

119282 Xady the Severer (level 16, -17/125 HPs)
             Began as a Demonspawn Gladiator on Oct 12, 2016.
             Was a Believer of Ru.
             Blown up by a conjurer statue (43 damage)
             ... with an orb of destruction
             ... in a wizard's laboratory on Oct 19, 2016.
             The game lasted 02:37:46 (32877 turns).

Xady the Severer (Demonspawn Gladiator)            Turns: 32877, Time: 02:37:46

Health: -17/125    AC: 40    Str: 24    XL:     16   Next: 27%
Magic:  0/20       EV: 13    Int: 10    God:    Ru [**....]
Gold:   2367       SH:  8    Dex: 17    Spells: 0 memorised, 15 levels left

rFire  + . .     SeeInvis .     a - +8 broad axe "Cibin" {flame, -Tele +Rage rElec rC+}
rCold  + . .     Gourm    .     F - +2 plate armour {rPois}
rNeg   . . .     Faith    .     j - +2 buckler
rPois  +         Spirit   +     T - +2 helmet of Liberty {rCorr}
rElec  +         Reflect  .     S - +1 cloak
rCorr  +         Harm     .     q - +3 pair of gauntlets of War {Slay+5}
MR     +....     NoTele   +     C - +0 pair of boots
Stlth  ..........               l - amulet of guardian spirit
                                W - +4 ring of slaying
                                v - ring of protection from fire

@: mighty, sanguine armour, studying Throwing
A: hooves 1, powered by pain 2, spiny 2, no stealth, no fire magic, no hexes
magic, no summoning magic, sanguine armour 3
a: Renounce Religion, Evoke Berserk Rage


You were in a wizard's laboratory.
You worshipped Ru.
Ru was pleased with you.
You were not hungry.

You visited 5 branches of the dungeon, and saw 25 of its levels.
You also visited: Labyrinth and Wizlab.

You collected 2661 gold pieces.
You spent 294 gold pieces at shops.

Inventory:

Hand Weapons
 a - the +8 broad axe "Cibin" (weapon) {flame, -Tele +Rage rElec rC+}
   (You found it on level 5 of the Lair of Beasts)

   It has been specially enchanted to burn those struck by it, causing extra
   injury to most foes and up to half again as much damage against particularly
   susceptible opponents.
   Big, fiery blades are also staple armaments of hydra-hunters.
   It protects you from cold.
   It insulates you from electricity.
   It lets you go berserk.
   It prevents most forms of teleportation.
Missiles
 d - 5 throwing nets (quivered)
Armour
 j - a +2 buckler (worn)
 q - the +3 pair of gauntlets of War (worn) {Slay+5}
   (You acquired it on level 2 of the Orcish Mines)

   It affects your accuracy and damage with ranged weapons and melee attacks
   (+5).
 C - a +0 pair of boots (worn)
 F - a +2 plate armour of poison resistance (worn)
 S - a +1 cloak (worn)
 T - the +2 helmet of Liberty (worn) {rCorr}
   (You found it in a labyrinth)

   It protects you from acid and corrosion.
Jewellery
 h - an uncursed ring of positive energy {unknown}
 l - an amulet of guardian spirit (around neck)
 v - a ring of protection from fire (left hand)
 A - an uncursed ring of protection from magic
 W - a +4 ring of slaying (right hand)
Wands
 c - a wand of iceblast (1/15)
 i - a wand of paralysis (13/24)
 p - a wand of disintegration (18/24)
 r - a wand of teleportation (2/9)
 y - a wand of digging (12/24)
 B - a wand of lightning (5/15)
 H - a wand of heal wounds (5/9)
Scrolls
 b - 5 scrolls of teleportation
 m - a scroll of silence
 n - 7 scrolls of recharging
 s - a scroll of magic mapping
 u - 5 scrolls of immolation
 z - 2 scrolls of fog
 E - 6 scrolls of remove curse
 G - 3 scrolls of blinking
 L - a scroll of enchant weapon
 V - 6 scrolls of fear
Potions
 e - 9 potions of curing
 f - a potion of cancellation {unknown}
 w - 2 potions of ambrosia
 M - a potion of magic
 N - 6 potions of flight
 U - 2 potions of resistance
Books
 I - a book of Ice

   Spells                             Type                      Level
   a - Ice Form                       Ice/Transmutation            4
   b - Metabolic Englaciation         Hexes/Ice                    5
   c - Ozocubu's Refrigeration        Ice                          6
   d - Bolt of Cold                   Conjuration/Ice              6
   e - Freezing Cloud                 Conjuration/Ice/Air          6
   f - Simulacrum                     Ice/Necromancy               6
 Q - a manual of Throwing
Miscellaneous
 J - a disc of storms
Comestibles
 g - 14 fruits
 k - 6 meat rations
 o - 2 chunks of flesh
 Y - 4 beef jerkies


   Skills:
 - Level 11.1 Fighting
 * Level 17.9 Axes
 * Level 8.5 Throwing
 - Level 10.5 Armour
 - Level 10.7 Dodging
 - Level 5.0 Shields
 - Level 6.0 Evocations


You had 15 spell levels left.
You didn't know any spells.

Dungeon Overview and Level Annotations

Branches:
Dungeon (15/15)            Temple (1/1) D:7            Lair (6/6) D:8
 Shoals (0/4) Lair:2        Snake (0/4) Lair:2        Slime (0/5) Lair:5
    Orc (2/2) D:10            Elf (1/3) Orc:2        Vaults (0/5) D:13
 Depths (0/5) D:15

Altars:
Ashenzari
Cheibriados
Dithmenos
Elyvilon
Fedhas
Gozag
Hepliaklqana
Kikubaaqudgha
Makhleb
Nemelex Xobeh
Okawaru
Qazlal
Ru
Sif Muna
Trog
Uskayaw
Vehumet
Xom
Yredelemnul
Zin
The Shining One
Beogh
Jiyva

Shops:
Orc:1 [:%   Orc:2 [**(


Innate Abilities, Weirdness & Mutations

You have large cloven feet.
You sometimes gain power by taking damage.
You are mostly covered in sharp spines.
You cannot be stealthy.
You cannot study or cast Fire magic.
You cannot study or cast Hexes magic.
You cannot study or cast Summoning magic.
When seriously injured, your bleeding wounds create very thick armour. (AC +12)


Message History

The purple draconian is severely wounded.
The orb of destruction hits you!
* * * LOW HITPOINT WARNING * * *
The purple draconian is struck by your spines.
The purple draconian barely misses you.
You slice the purple draconian!! You burn the purple draconian.
You kill the purple draconian!
The orb of destruction hits you!
* * * LOW HITPOINT WARNING * * *
The conjurer statue conjures a glowing orb.
An orb of destruction comes into view.
You feel much better.
The conjurer statue launches a ball of destructive magic.
An orb of destruction comes into view.
The orb of destruction hits you!
* * * LOW HITPOINT WARNING * * *
You focus on the pain.
You feel very mighty all of a sudden. The orb of destruction hits you!
You die...

.)...§..8§..........§..§#.
........§§..........§§§.§#
......#.§.#.).....8.§.§§§.
....#.##.##.#...........§#
...###....)###.)..........
..#.#.#####)#.#...)......#
.#.#.## ##.#.#..........
###.## ##.###§§......#
.#.## ##.#6.§.....§. #.##
#.##.§.....# #.#
#.#..§...§.# ).#
+.....8..§#§ #.#
#.#.......§ #.#
#.##.....§§ .#.## .#
.......§ ###.## # .......
.#.#.#


You could see 2 conjurer statues.

Vanquished Creatures
  The ghost of Flanowski the Sharpshooter, an adept CeHu of Okawaru (D:15)
  Kirke (D:14)
  A fire giant (D:15)
  The ghost of matthes123 the Severer, a journeyman MiFi of Okawaru (D:13)
  An entropy weaver (shapeshifter) (D:15)
  Nessos (D:13)
  6 purple draconians (WizLab)
  A dire elephant (Lair:6)
  Snorg (D:10)
  An ettin (D:12)
  3 statues (WizLab)
  A minotaur (Lab)
  5 ogre magi
  An ice dragon (D:12)
  11 hydras
  A vault guard (D:13)
  A merfolk avatar (Lair:6)
  4 centaur warriors
  A death knight (D:14)
  Nergalle (D:10)
  2 deep elf knights (Elf:1)
  The ghost of Naow the Covert, a journeyman SpEn of Dithmenos (D:11)
  A wizard (D:14)
  An unseen horror (D:13)
  13 hill giants
  2 deep elf archers (Elf:1)
  5 orc sorcerers
  2 orc knights
  24 deep elf magi
  7 ugly things
  An oklob plant (Lair:3)
  4 manticores
  2 centaur zombies
  5 elephants (Lair:6)
  4 cyclopes
  Joseph (D:7)
  A molten gargoyle (D:12)
  22 spiny frogs
  A black mamba (Lair:5)
  A torpor snail (Lair:6)
  5 rime drakes
  A gargoyle (D:15)
  The ghost of Etesian the Changer, a novice MfTm (D:4)
  8 komodo dragons
  A freezing wraith (D:15)
  A komodo dragon (shapeshifter) (D:14)
  A tengu conjurer (D:15)
  A hornet (Lair:6)
  2 wind drakes (Lair:6)
  7 trolls
  5 polar bears (Lair:6)
  15 two-headed ogres
  11 slime creatures
  9 blink frogs
  4 dream sheep (Lair:5)
  A snapping turtle (Lair:2)
  10 hippogriffs
  An air elemental (Elf:1)
  3 redbacks (Lab)
  A spriggan (D:7)
  The ghost of Etesian the Ruffian, an amateur VSFi (D:3)
  2 wraiths
  4 shadows
  6 wyverns
  38 yaks
  3 hungry ghosts
  4 hogs
  A basilisk (Lair:1)
  A mottled dragon (D:14)
  A warg (Orc:2)
  2 hell hounds (D:8)
  3 soldier ants
  11 porcupines
  26 water moccasins
  2 ice beasts
  8 sky beasts
  19 orc warriors
  A hornet zombie (D:13)
  44 ogres
  4 black bears
  An eye of draining (D:9)
  3 phantoms
  4 boggarts (Lair:6)
  A wolf (Lair:6)
  15 centaurs
  20 crocodiles
  3 big kobolds
  A gnoll sergeant (D:6)
  16 bullfrogs
  6 scorpions
  20 killer bees
  10 wights
  A howler monkey (D:8)
  An electric eel (Lair:3)
  7 crimson imps
  3 bullfrog zombies
  6 lava snakes (D:12)
  10 hounds
  2 quasits
  4 bullfrog skeletons
  4 jellies
  Crazy Yiuf (D:2)
  15 orc priests
  18 orc wizards
  5 centaur skeletons
  A gnoll shaman (D:8)
  5 iguanas
  20 worker ants
  3 hound zombies
  A hound skeleton (D:5)
  17 gnolls
  19 adders
  A howler monkey skeleton (D:6)
  4 shadow imps
  2 adder zombies
  2 adder skeletons (D:9)
  5 worms
  A dart slug (D:1)
  7 leopard geckos
  75 orcs
  3 giant cockroaches
  10 hobgoblins
  10 jackals
  17 kobolds
  5 quokkas
  A ball python (D:4)
  7 bats
  2 frilled lizards (D:2)
  5 goblins (D:2)
  A jackal skeleton (D:7)
  A leopard gecko skeleton (D:4)
  A leopard gecko zombie (D:6)
  A quokka skeleton (D:8)
  2 quokka zombies
  8 rats
  A butterfly (D:7)
  7 fungi
  5 plants
840 creatures vanquished.

Vanquished Creatures (others)
  A hydra (D:12)
  A hippogriff (Lair:6)
  An orc (D:11)
  A kobold (D:10)
  A bush (Lair:6)
  15 fungi
  13 plants
33 creatures vanquished.

Grand Total: 873 creatures vanquished

Notes
Turn   | Place    | Note
-------+----------+-------------------------------------------
     0 | D:1      | Xady the Demonspawn Gladiator began the quest for the Orb.
     0 | D:1      | Reached XP level 1. HP: 16/16 MP: 1/1
   383 | D:1      | Reached skill level 3 in Axes
   392 | D:1      | Gained mutation: You are partially covered in sharp spines. [demonic ancestry]
   392 | D:1      | Reached XP level 2. HP: 22/22 MP: 2/2
   968 | D:2      | Reached skill level 1 in Armour
   968 | D:2      | Reached XP level 3. HP: 27/27 MP: 3/3
  1245 | D:2      | Reached XP level 4. HP: 29/34 MP: 4/4
  1756 | D:2      | Found a runed door.
  1963 | D:2      | Found a stormy altar of Qazlal.
  1964 | D:2      | Found a sparkling altar of Nemelex Xobeh.
  1965 | D:2      | Found an ancient bone altar of Kikubaaqudgha.
  1989 | D:2      | Found a shattered altar of Ashenzari.
  2354 | D:2      | Gained mutation: When seriously injured, your bleeding wounds create armour. (AC +12) [demonic ancestry]
  2354 | D:2      | Reached XP level 5. HP: 23/41 MP: 5/5
  2643 | D:3      | Noticed Etesian's ghost (amateur VSFi)
  2823 | D:4      | Noticed Etesian's ghost (novice MfTm)
  2865 | D:4      | Killed Etesian's ghost
  2865 | D:4      | Reached skill level 4 in Axes
  2865 | D:4      | Reached XP level 6. HP: 15/48 MP: 1/6
  3253 | D:4      | Reached skill level 5 in Axes
  3253 | D:4      | Gained mutation: When seriously injured, your bleeding wounds create thick armour. (AC +12) [demonic ancestry]
  3253 | D:4      | Reached XP level 7. HP: 43/54 MP: 4/7
  3911 | D:5      | Entered Level 5 of the Dungeon
  4313 | D:5      | Gained mutation: You have large cloven feet. [demonic ancestry]
  4313 | D:5      | Reached XP level 8. HP: 61/61 MP: 8/8
  4351 | D:5      | Reached skill level 6 in Axes
  4811 | D:3      | Killed Etesian's ghost
  4811 | D:3      | Reached skill level 5 in Fighting
  4811 | D:3      | Reached skill level 5 in Dodging
  5072 | D:2      | Noticed Crazy Yiuf
  5077 | D:2      | Killed Crazy Yiuf
  5419 | D:6      | Reached skill level 7 in Axes
  5439 | D:6      | Found an opulent altar of Gozag.
  5475 | D:6      | Reached XP level 9. HP: 47/68 MP: 6/9
  5664 | D:6      | Reached skill level 5 in Armour
  5904 | D:6      | Found a sparkling altar of Nemelex Xobeh.
  6177 | D:7      | Noticed Joseph
  6185 | D:7      | Paralysed by Joseph for 7 turns
  6196 | D:7      | Killed Joseph
  6196 | D:7      | Reached skill level 8 in Axes
  6523 | D:7      | Found a staircase to the Ecumenical Temple.
  6550 | Temple   | Entered the Ecumenical Temple
  6711 | Temple   | Became a worshipper of Ru the Awakened
  6781 | D:7      | Found a runed door.
  6889 | D:7      | Gained mutation: You sometimes gain a little power by taking damage. [demonic ancestry]
  6889 | D:7      | Reached XP level 10. HP: 77/77 MP: 10/10
  7026 | D:7      | Found a runed door.
  7094 | D:8      | Found a burning altar of Makhleb.
  7125 | D:8      | Found a staircase to the Lair.
  7137 | D:8      | Reached skill level 9 in Axes
  7783 | D:8      | Found a white marble altar of Elyvilon.
  8340 | D:8      | Found an ancient bone altar of Kikubaaqudgha.
  8415 | Lair:1   | Entered Level 1 of the Lair of Beasts
  8627 | Lair:1   | Noticed a spiny frog
  8642 | Lair:1   | Killed a spiny frog
  8642 | Lair:1   | Reached skill level 10 in Axes
  9466 | Lair:1   | Noticed a spiny frog
  9471 | Lair:1   | Killed a spiny frog
  9511 | Lair:2   | Noticed a spiny frog
  9518 | Lair:2   | Killed a spiny frog
  9518 | Lair:2   | Reached XP level 11. HP: 79/85 MP: 9/11
  9521 | Lair:2   | Found a labyrinth entrance.
  9532 | Lab      | Entered a labyrinth
 11239 | Lab      | Noticed a minotaur
 11244 | Lab      | Killed a minotaur
 11258 | Lab      | Got a jewelled helmet
 11280 | Lab      | Identified the +2 helmet of Liberty {rCorr} (You found it in a labyrinth)
 11285 | Lair:2   | Noticed a seven-headed hydra
 11292 | Lair:2   | Found a bloodstained altar of Trog.
 11569 | Lair:2   | Found a staircase to the Snake Pit.
 11834 | Lair:2   | Found a staircase to the Shoals.
 12204 | Lair:2   | Reached skill level 11 in Axes
 12226 | Lair:2   | Killed a seven-headed hydra
 12901 | Lair:3   | Noticed an oklob plant
 12913 | Lair:3   | Killed an oklob plant
 14819 | Lair:4   | Found a white marble altar of Elyvilon.
 14862 | Lair:4   | Gained mutation: You sometimes gain power by taking damage. [demonic ancestry]
 14862 | Lair:4   | Reached XP level 12. HP: 80/94 MP: 9/12
 15187 | Lair:4   | Reached skill level 12 in Axes
 15634 | Lair:4   | Gained mutation: You cannot study or cast Fire magic. [Ru sacrifice]
 15634 | Lair:4   | Gained mutation: You cannot study or cast Hexes magic. [Ru sacrifice]
 15634 | Lair:4   | Gained mutation: You cannot study or cast Summoning magic. [Ru sacrifice]
 15634 | Lair:4   | Reached * piety under Ru
 15804 | Lair:4   | Noticed an eight-headed hydra
 16142 | Lair:5   | Got an iridescent broad axe
 16480 | Lair:5   | Identified the +8 broad axe "Cibin" {flame, -Tele +Rage rElec rC+} (You found it on level 5 of the Lair of Beasts)
 16640 | Lair:5   | Found a viscous altar of Jiyva.
 16647 | Lair:5   | Found a staircase to the Slime Pits.
 16918 | Lair:6   | Entered Level 6 of the Lair of Beasts
 16950 | Lair:6   | Noticed a five-headed hydra
 16953 | Lair:6   | Got a smoking cloak
 16962 | Lair:6   | Killed a two-headed hydra
 17124 | Lair:6   | Identified the +0 cloak of Omefir Moqe {*Corrode rC+ Dex+2 SInv} (You found it on level 6 of the Lair of Beasts)
 17153 | Lair:6   | Noticed a four-headed hydra
 17162 | Lair:6   | Killed a one-headed hydra
 17435 | Lair:6   | Noticed a four-headed hydra
 17445 | Lair:6   | Killed a one-headed hydra
 17445 | Lair:6   | Reached skill level 13 in Axes
 17473 | Lair:6   | Reached XP level 13. HP: 95/103 MP: 13/13
 17479 | Lair:6   | Reached skill level 10 in Fighting
 17825 | Lair:6   | Reached skill level 10 in Dodging
 18249 | Lair:6   | Reached skill level 10 in Armour
 18867 | Lair:6   | Reached skill level 14 in Axes
 18929 | Lair:6   | Noticed a dire elephant
 18956 | Lair:6   | Killed a dire elephant
 19880 | D:9      | Upgraded the game from 0.19-a0-1861-g35def1e to 0.19-a0-1886-gd64a0f0
 20195 | D:9      | Gained mutation: When seriously injured, your bleeding wounds create very thick armour. (AC +12) [demonic ancestry]
 20195 | D:9      | Reached XP level 14. HP: 111/111 MP: 14/14
 20505 | D:10     | Entered Level 10 of the Dungeon
 20684 | D:10     | Found a staircase to the Orcish Mines.
 20904 | D:10     | Noticed Nergalle
 20913 | D:10     | Killed Nergalle
 21268 | Orc:1    | Entered Level 1 of the Orcish Mines
 21570 | Orc:1    | Found Eguarho's Antique Armour Shop.
 21607 | Orc:1    | Found Wyutz's Book Emporium.
 21612 | Orc:1    | Found Kiecza's Food Emporium.
 21887 | Lair:1   | Upgraded the game from 0.19-a0-1886-gd64a0f0 to 0.19-a0-1896-g611e798
 21996 | D:11     | Noticed Snorg
 22322 | D:10     | Killed Snorg
 22322 | D:10     | Reached skill level 1 in Evocations
 22678 | D:11     | Identified a scroll of acquirement
 22679 | D:11     | Got a heavily runed brass ring
 22793 | D:11     | Noticed Naow's ghost (journeyman SpEn)
 22816 | D:11     | Killed Naow's ghost
 24152 | D:12     | Reached skill level 15 in Axes
 24505 | D:13     | Noticed matthes123's ghost (journeyman MiFi)
 24520 | D:13     | Killed matthes123's ghost
 24765 | D:13     | Noticed Kirke
 24885 | D:14     | Noticed a sphinx
 24885 | D:14     | Killed Kirke
 25049 | D:14     | Identified the ring "Zocankod" {*Corrode rElec Str+3 Dex+3 Stlth+} (You acquired it on level 11 of the Dungeon)
 25265 | D:13     | Noticed Nessos
 25271 | D:13     | Killed Nessos
 26082 | Orc:2    | Entered Level 2 of the Orcish Mines
 26084 | Orc:2    | Found a roughly hewn altar of Beogh.
 26111 | Orc:2    | Paralysed by an orc sorcerer for 6 turns
 26120 | Orc:2    | Reached skill level 5 in Evocations
 26183 | Orc:2    | Found a staircase to the Elven Halls.
 26636 | Orc:2    | Found Mucanleo's General Store.
 27199 | Orc:2    | Reached skill level 16 in Axes
 27212 | Orc:2    | Gained mutation: You are mostly covered in sharp spines. [demonic ancestry]
 27212 | Orc:2    | Reached XP level 15. HP: 66/118 MP: 13/19
 27585 | Orc:2    | Found Aplirghai's Armour Emporium.
 27586 | Orc:2    | Found Astaddinie's General Store.
 27586 | Orc:2    | Found Widoycky's Antique Weapon Shoppe.
 27596 | Orc:2    | Bought 2 potions of might for 80 gold pieces
 27823 | Orc:2    | Bought a +2 buckler for 214 gold pieces
 28052 | D:13     | Reached skill level 1 in Shields
 28286 | D:13     | Gained mutation: You cannot be stealthy. [Ru sacrifice]
 28286 | D:13     | Reached ** piety under Ru
 28437 | D:13     | Found a gate to the Vaults.
 29730 | D:14     | Reached skill level 17 in Axes
 30331 | D:15     | Entered Level 15 of the Dungeon
 30566 | D:15     | Found a staircase to the Depths.
 30566 | D:15     | Noticed a fire giant
 30869 | D:15     | Noticed Flanowski's ghost (adept CeHu)
 30883 | D:15     | Killed Flanowski's ghost
 30900 | D:15     | Killed a fire giant
 31539 | Elf:1    | Entered Level 1 of the Elven Halls
 31579 | Elf:1    | Reached skill level 5 in Throwing
 31707 | Elf:1    | Reached skill level 5 in Shields
 31817 | Elf:1    | Found a magical portal.
 31846 | WizLab   | Entered Iskenderun's Mystic Tower
 31864 | WizLab   | Reached XP level 16. HP: 66/125 MP: 20/20
 32877 | WizLab   | Blown up by a conjurer statue

Vault maps used:
D:1:      erik_arrival_blinker_ship, serial_bayou, serial_bayou_crossing
D:2:      wad_river_or_something, nicolae_overflow_quartered_altars,
          first_bread, feat_on_display, uniq_crazy_yiuf_cottage
D:4:      grunt_ministairs_11
D:6:      grunt_gozag_statues, nemelex_diamond_rough_becter
D:7:      lemuel_insect_pit, grunt_ministairs_9, the_bakery, uniq_joseph
D:8:      minmay_lair_entry_lava, hangedman_feature_mirror, bloody_makhleb
D:9:      serial_bayou_pond_a
D:10:     david_orc_2, wad_floor_pattern_2, minmay_misc_feat_alley, minivault_1,
          uniq_nergalle
D:11:     uniq_snorg
D:12:     kennysheep_four_of_diamonds
D:13:     david_vaults_5, uniq_nessos, uniq_kirke
D:14:     minmay_misc_feat_encased, minmay_holes
D:15:     grunt_enter_depths_giant_problem
Temple:   nicolae_temple_elliptical
Lair:1:   lemuel_fruit_fields
Lair:2:   minmay_shoals_entry_hut, dummy_snake_entry, basic_altar,
          lab_entry_generic
Lair:3:   st_stairs_8, grunt_megastairs_3, serial_bayou_shore_a
Lair:4:   basic_altar
Lair:5:   slime_altar_1, infiniplex_staircase_pool_2, grunt_megastairs_1
Lair:6:   gammafunk_lair_ancient_temple, kilobyte_rumbling_trees,
          serial_bayou_shore_b
Orc:1:    serial_shops, shop, shop, shop_coins
Orc:2:    st_orc_ogre_mass, basic_altar, nicolae_orc_tapped_out
Elf:1:    eino_elf_arrival_sip, lightli_enter_wizlab_magi_temple, serial_shops,
          shop_fountains, minivault_28, uniq_nikola, uniq_aizul
Lab:      labyrinth_watery, lab_fountain, nicolae_lab_arrow,
          nicolae_lab_big_swirl, nicolae_lab_stuck, labyrinth_skeletal_remains
WizLab:   wizlab_iskenderun

Skill      XL: |  1  2  3  4  5  6  7  8  9 10 11 12 13 14 15 16 |
---------------+-------------------------------------------------+-----
Axes           | 3 4 5 7 8 10 11 13 14 16 17 | 17.9
Armour         | 1 2 3 4 5 7 8 9 10 | 10.5
Dodging        | 3 4 5 6 7 8 9 10 | 10.7
Fighting       | 3 4 5 6 7 8 9 10 11 | 11.1
Evocations     | 5 6 |  6.0
Shields        | 5 |  5.0
Throwing       | 6 8 |  8.5

Action                   |  1- 3 |  4- 6 |  7- 9 | 10-12 | 13-15 | 16-18 || total
-------------------------+-------+-------+-------+-------+-------+-------++-------
Melee: War axe           |    77 |   105 |   229 |       |       |       ||   411
       Battleaxe         |       |       |    23 |   518 |   140 |       ||   681
       Broad axe         |       |       |       |    53 |   979 |    69 ||  1101
Throw: Throwing net      |     3 |       |       |       |     2 |       ||     5
Invok: Reject Sacrifices |       |       |       |     1 |     1 |     1 ||     3
       Sacrifice Arcana  |       |       |       |     1 |       |       ||     1
       Sacrifice Stealth |       |       |       |       |     1 |       ||     1
Evoke: Wand              |       |     5 |       |    15 |       |       ||    20
  Use: Scroll            |       |     5 |     4 |    14 |    20 |       ||    43
       Potion            |       |       |     2 |     2 |     8 |     2 ||    14
 Stab: Sleeping          |       |     1 |       |       |       |       ||     1
       Paralysed         |       |       |       |     3 |       |       ||     3
       Invisible         |       |       |       |       |     3 |       ||     3
       Distracted        |       |       |       |       |     6 |     2 ||     8
  Eat: Chunk             |     1 |     7 |    10 |    14 |    34 |       ||    66
       Pizza             |       |       |     1 |       |     1 |       ||     2
       Beef jerky        |       |       |       |     3 |       |       ||     3
       Meat ration       |       |       |       |     4 |     2 |       ||     6
       Royal jelly       |       |       |       |     2 |       |       ||     2
       Fruit             |       |       |       |     1 |       |       ||     1
       Bread ration      |       |       |       |       |       |     1 ||     1
Armor: Leather armour    |    22 |    12 |       |       |       |       ||    34
       Ring mail         |       |    11 |    38 |       |       |       ||    49
       Plate armour      |       |       |    88 |   402 |   510 |    14 ||  1014
Dodge: Dodged            |    58 |    80 |   118 |   311 |   506 |    11 ||  1084
Block: Buckler           |       |       |       |       |    67 |    12 ||    79
